cohdb
Replays
Latest Replays
All Replays
Popular Replays
Top Player Replays
Match Explorer
How It Works
Community
CoH3 Stats
Reddit
Sign in to upload your games and track your stats! →
Sign in with Steam
Match 45153411
Unlisted
Match 45153411
Overview
Messages
Build Orders
End
Royal Engineer Section
Construct Section Command Post
Infantry Section
Infantry Section
Selects Indian Artillery Battlegroup
Construct Platoon Command Post
Selects War Cry
Selects Gurkha Rifles Section
Selects Gurkha Rifles Section
Gurkha Rifles Section
Humber Armored Car
Infantry Training
Construct Field Infirmary
Grenade Package
Gurkha Rifles Section
Construct Company Command Post
Selects Volunteer Infantry
Selects Artillery Saturation
Selects Off-map Airburst Barrage
Crusader II Medium Tank
Gurkha Rifles Section
Crusader II Medium Tank
Off-map Airburst Barrage
Selects Perimeter Monitor
Crusader II Medium Tank
6-pounder Anti-tank Gun Team
Crusader II Medium Tank
desertBeliever
101st.Airbone
0
0
Comments
sign in to comment!
No comments posted yet!